 Dungeon Crawl Stone Soup version 0.28-a0-834-g1a73be5ee4 (webtiles) character file.

Game seed: 2420202336471228942

11 ders the Magician (level 2, -1/23 HPs)
             Began as a Gnoll Wanderer on Nov 11, 2021.
             Succumbed to a hobgoblin's poison
             ... on level 1 of the Dungeon.
             The game lasted 00:02:12 (612 turns).

ders the Magician (Gnoll Wanderer)                   Turns: 612, Time: 00:02:13

Health: -1/23      AC:  8    Str: 12    XL:     2   Next: 25%
Magic:  3/10       EV:  8    Int: 10    God:
Gold:   15         SH:  0    Dex: 11    Spells: 14/15 levels left

rFire   . . .      SeeInvis .   a - +0 club
rCold   . . .      Faith    .   (no shield)
rNeg    . . .      Spirit   .   c - +2 scale mail
rPois   .          Reflect  .   (no helmet)
rElec   .          Harm     .   (no cloak)
rCorr   .          Rampage  .   (no gloves)
Will    .....                   (no boots)
Stlth   ..........              (no amulet)
HPRegen 0.07/turn               (no ring)
MPRegen 0.12/turn               (no ring)

@: lethally poisoned (-1 -> -11), very slightly contaminated
A: fangs 1, strong nose, distributed training
a: no special abilities


You were on level 1 of the Dungeon.
You visited 1 branch of the dungeon, and saw 1 of its levels.

You collected 15 gold pieces.

Inventory:

Hand Weapons
 a - a +0 club (weapon)
Armour
 c - a +2 scale mail (worn)
Scrolls
 b - 2 scrolls of identify {unknown}


   Skills:
 + Level 2.4 Fighting
 + Level 0.3 Short Blades
 + Level 0.3 Long Blades
 + Level 0.3 Axes
 + Level 2.4 Maces & Flails
 + Level 0.3 Polearms
 + Level 0.3 Staves
 + Level 0.3 Slings
 + Level 0.3 Bows
 + Level 0.3 Crossbows
 + Level 2.4 Throwing
 + Level 2.4 Armour
 + Level 0.3 Dodging
 + Level 0.3 Stealth
 + Level 0.3 Shields
 + Level 0.3 Unarmed Combat
 + Level 7.1 Spellcasting
 + Level 0.2 Conjurations
 + Level 0.2 Hexes
 + Level 0.2 Summonings
 + Level 0.2 Necromancy
 + Level 0.2 Translocations
 + Level 0.2 Transmutations
 + Level 0.2 Fire Magic
 + Level 0.2 Ice Magic
 + Level 3.7 Air Magic
 + Level 0.2 Earth Magic
 + Level 0.2 Poison Magic
 + Level 0.4 Invocations
 + Level 2.4 Evocations


You had 14 spell levels left.
You knew the following spells:

 Your Spells              Type           Power      Damage    Failure   Level
a - Magic Dart            Conj           16%        1d3       63%         1

Your spell library contained the following spells:

 Spells                   Type           Power      Damage    Failure   Level
 Dazzling Flash           Conj/Hex       8%         N/A       94%         3


Dungeon Overview and Level Annotations

Branches:
Dungeon (1/15)

Altars:


Innate Abilities, Weirdness & Mutations

You have very sharp teeth.
Your uncanny sense of smell can sniff out nearby items.
Your experience applies equally to all skills.


Message History

The hobgoblin barely misses you.
Casting: Magic Dart (safe; 63% risk of failure)
Confirm with . or Enter, or press ? or * to list all spells.
Aiming: Magic Dart (safe; 63% risk of failure)
Press: ? - help, Shift-Dir - straight line, f/p - hobgoblin
Aim: a hobgoblin (100% to hit)
You miscast Magic Dart.
Nothing appears to happen.
The hobgoblin hits you.
Casting: Magic Dart (safe; 63% risk of failure)
Confirm with . or Enter, or press ? or * to list all spells.
Aiming: Magic Dart (safe; 63% risk of failure)
Press: ? - help, Shift-Dir - straight line, f/p - hobgoblin
Aim: a hobgoblin (100% to hit)
You miscast Magic Dart.
Nothing appears to happen.
The hobgoblin hits you but does no damage.
You are poisoned.
An endoplasm comes into view.
The hobgoblin hits you but does no damage.
You barely miss the hobgoblin.
You feel very sick. The hobgoblin barely misses you.
The hobgoblin hits you but does no damage.
The hobgoblin hits you with a +2 dagger of venom.
You are lethally poisoned!
You hit the hobgoblin.
You kill the hobgoblin!
You feel very sick. The hobgoblin closely misses you.
* * * LOW HITPOINT WARNING * * *
You feel very sick. The hobgoblin barely misses you.
You hit the hobgoblin.
The hobgoblin is severely wounded.
* * * LOW HITPOINT WARNING * * *
You feel very sick. The hobgoblin hits you.
* * * LOW HITPOINT WARNING * * *
You aren't carrying any potions.
You hit the hobgoblin.
You kill the hobgoblin!
You die...

# ...$. #...
.......##..#
.......#..#.
.#....#)#....
..........# ....#....###
#........####
..#######.....#....#####
......J.@.......#......#
.(######†.......#......#
#........#......#
#..######........# #.##
###(..÷..# #. #......# ∆
.. #......# ### #......#
#......#


You could see an endoplasm.

Vanquished Creatures
  2 endoplasms (D:1)
  2 giant cockroaches (D:1)
  3 hobgoblins (D:1)
  2 ball pythons (D:1)
  2 rats (D:1)
11 creatures vanquished.

Notes
Turn   | Place    | Note
-------+----------+-------------------------------------------
     0 | D:1      | ders the Gnoll Wanderer began the quest for the Orb.
     0 | D:1      | ders set off with the following items: a +0 club, a scroll
                  | of teleportation, a +2 scale mail; and the following spell
                  | memorised: Magic Dart; and the following spells available
                  | to memorise: Dazzling Flash
     0 | D:1      | Reached XP level 1. HP: 17/17 MP: 8/8
   233 | D:1      | Reached XP level 2. HP: 9/23 MP: 0/10
   253 | D:1      | HP: 1/23 [bat (1)]
   259 | D:1      | HP: 1/23 [bat (1)]
   611 | D:1      | HP: 1/23 [hobgoblin (1)]
   612 | D:1      | Succumbed to a hobgoblin's poison

Illustrated notes

Levels and vault maps discovered:
D:1:      nzn_arrival_crosshair, layout_rooms, interstate_on_off

Action                   || total
-------------------------++-------
Melee: Club              ||    41
       Bite              ||     2
 Cast: Magic Dart        ||    13
  Use: Scroll            ||     1
Armor: Scale mail        ||    83
Dodge: Dodged            ||    54

Table legend: (Time is in decaauts)
 A = Elapsed time spent in this place.
 B = Non-inter-level travel time spent in this place.
 C = Inter-level travel time spent in this place.
 D = Time resting spent in this place.
 E = Time spent auto-exploring this place.
 F = Levels seen in this place.
 G = Mean time per level.
                   A        B        C        D        E       F      G
               +--------+--------+--------+--------+--------+-----+--------+
         Total |    619 |    592 |     27 |    426 |     25 |   1 |  619.0 |
       Dungeon |    619 |    592 |     27 |    426 |     25 |   1 |  619.0 |
               +--------+--------+--------+--------+--------+-----+--------+

Top non-repeatable levels by time:
     D:1: 619 daAuts
